 Dungeon Crawl Stone Soup version 0.30-a0-341-g682706514a (webtiles) character file.

Game seed: 2839128363476599559

61 PimpSugar the Magician (level 3, 0/25 HPs)
             Began as a Demonspawn Hedge Wizard on Nov 1, 2022.
             Killed from afar by Sigmund (8 damage)
             ... with a puff of flame
             ... on level 2 of the Dungeon.
             The game lasted 00:07:20 (1949 turns).

PimpSugar the Magician (Demonspawn Hedge Wizard)    Turns: 1949, Time: 00:07:21

Health: 0/25       AC:  8    Str: 10    XL:     3   Next: 83%
Magic:  3/7        EV: 12    Int: 17    God:
Gold:   119        SH:  0    Dex: 12    Spells: 1/8 levels left

rFire   . . .      SeeInvis .    g - +0 whip (flame)
rCold   . . .      Faith    .    (no shield)
rNeg    . . .      Spirit   .    b - +0 robe
rPois   .          Reflect  .    c - +0 hat
rElec   .          Harm     .    (no cloak)
rCorr   .          Rampage  .    (no gloves)
Will    .....                    (no boots)
Stlth   ++........               (no amulet)
HPRegen 0.24/turn                (no ring)
MPRegen 0.10/turn                (no ring)

@: sanguine armoured
A: sanguine armour 1, demonic magic 1
a: no special abilities


You were on level 2 of the Dungeon.
You visited 1 branch of the dungeon, and saw 2 of its levels.

You collected 119 gold pieces.

Inventory:

Hand Weapons
 a - a +0 dagger
 g - a +0 whip of flaming (weapon)
 h - a +0 sling
Missiles
 j - 12 stones
Armour
 b - a +0 robe (worn)
 c - a +0 hat (worn)
Scrolls
 l - a scroll of teleportation {unknown}
Potions
 d - a potion of magic
 e - a potion of attraction {unknown}
 f - 2 potions of degeneration {unknown}
 i - a potion of brilliance {unknown}
 k - a potion of curing {unknown}


   Skills:
 + Level 0.7 Fighting
 * Level 2.0 Dodging
 + Level 1.9 Stealth
 * Level 3.2 Spellcasting
 * Level 1.8 Conjurations
 + Level 0.0 Hexes
 + Level 1.4 Summonings
 + Level 1.2 Translocations
 * Level 1.2 Earth Magic
 + Level 0.0 Poison Magic
 + Level 0.0 Invocations
 + Level 0.0 Evocations


You had one spell level left.
You knew the following spells:

 Your Spells              Type           Power      Damage    Failure   Level
a - Magic Dart            Conj           32%        1d4       9%          1
b - Call Imp              Summ           7%         N/A       14%         2
c - Sandblast             Erth           14%        2d6       11%         1
d - Stone Arrow           Conj/Erth      16%        3d8       26%         3

Your spell library contained the following spells:

 Spells                   Type           Power      Damage    Failure   Level
 Slow                     Hex            8%         N/A       17%         1
 Momentum Strike          Conj/Tloc      14%        3d8       14%         2
 Blink                    Tloc           12%        N/A       16%         2
 Passwall                 Tmut/Erth      3%         N/A       21%         2
 Cigotuvi's Dreadful Rot  Necr/Pois/Air  4%         N/A       26%         2
 Lesser Beckoning         Tloc           12%        N/A       30%         3
 Mephitic Cloud           Conj/Pois/Air  4%         N/A       36%         3
 Portal Projectile        Hex/Tloc       8%         N/A       36%         3
 Passage of Golubria      Tloc           6%         N/A       71%         4
 Eringya's Noxious Bog    Tmut/Pois      1%         N/A       100%        6


Dungeon Overview and Level Annotations

Branches:
Dungeon (2/15)

Altars:

Annotations:
D:2 Sigmund


Innate Abilities, Weirdness & Mutations

When seriously injured, your blood forms armour. (AC +6)
Spells you cast may paralyse adjacent enemies.


Message History

The puff of frost hits Sigmund!
Casting: Sandblast (safe; 11% risk of failure)
Confirm with . or Enter, or press ? or * to list all spells.
You can't see any susceptible monsters within range! (Use Z to cast anyway.) Unknown command.
Sigmund hits you from afar with a +0 scythe!
* * * LOW HITPOINT WARNING * * *
Your white imp gestures at Sigmund.
The puff of frost misses Sigmund.
Sigmund hits your white imp with a +0 scythe.
Your white imp misses Sigmund.
Your white imp misses Sigmund.
Sigmund gestures at you while chanting.
Your white imp resists with significant effort.
Your white imp gestures at Sigmund.
The puff of frost hits Sigmund!
Sigmund closely misses your white imp.
Your white imp closely misses Sigmund.
You see here a frilled lizard corpse.
Sigmund closely misses your white imp.
Your white imp barely misses Sigmund.
Sigmund casts a spell at your white imp.
Your white imp resists with significant effort.
Your white imp hits Sigmund but does no damage.
Sigmund looks at you with fury.
Sigmund points at your white imp and mumbles some strange words.
Your white imp appears confused.
Your white imp hits Sigmund but does no damage.
Sigmund points at your white imp and mumbles some strange words.
The magic dart hits your white imp.
Casting: Sandblast (safe; 11% risk of failure)
Confirm with . or Enter, or press ? or * to list all spells.
Aiming: Magic Dart (safe; 9% risk of failure)
Press: ? - help, Shift-Dir - straight line, f - Sigmund
Aim: Sigmund, wielding a +0 scythe and wearing a +0 robe (severely wounded, not watching you, ally target, 100% to hit)
The magic dart hits Sigmund but does no damage.
Sigmund is severely wounded.
Malevolent energies surge around you. Sigmund casts a spell at you.
The puff of flame hits you!
You die...

#.....##.# ##.#
######....##.# ##...
...........##.# ##.#.#
#######.......####....#
##.....>.)....... #.
###.#######.....
#.#######.########.###
#.#...........##...# #
#.#..@†..........#.###
#.#..####.###.##.#...)
#.#..# #.###.##.###.#
#$##.#..####........#
#.#
#............###.##.#
#.# ####@#5.######
#.##.# #.# #.#..#
#.##.# #.# #.#....
..##.# #.# #....### ###
#.#


You could see Sigmund (ally target) and a friendly white imp (summoned,
confused).

Vanquished Creatures
  2 adders (D:2)
  A gnoll (D:1)
  2 bats (D:1)
  3 endoplasms (D:2)
  5 giant cockroaches
  3 goblins
  2 hobgoblins (D:1)
  4 jackals (D:1)
  3 ball pythons (D:1)
  2 frilled lizards
  2 kobolds (D:1)
  A rat (D:2)
30 creatures vanquished.

Vanquished Creatures (collateral kills)
  A kobold (D:2)
1 creature vanquished.

Grand Total: 31 creatures vanquished

Notes
Turn   | Place    | Note
-------+----------+-------------------------------------------
     0 | D:1      | PimpSugar the Demonspawn Hedge Wizard began the quest for
                  | the Orb.
     0 | D:1      | Reached XP level 1. HP: 13/13 MP: 4/4
   121 | D:1      | Learned a level 1 spell: Sandblast
   263 | D:1      | Reached skill level 1 in Translocations
   263 | D:1      | Gained mutation: When seriously injured, your blood forms
                  | armour. (AC +6) [demonic ancestry]
   263 | D:1      | Reached XP level 2. HP: 18/19 MP: 4/6
   673 | D:1      | Found a faded altar of an unknown god.
  1082 | D:1      | Reached skill level 1 in Earth Magic
  1082 | D:1      | Gained mutation: Spells you cast may paralyse adjacent
                  | enemies. [demonic ancestry]
  1082 | D:1      | Reached XP level 3. HP: 12/24 MP: 1/7
  1135 | D:1      | Learned a level 2 spell: Call Imp
  1139 | D:1      | Learned a level 3 spell: Stone Arrow
  1927 | D:2      | Got the Writings on Toxic Dislocation
  1932 | D:2      | Noticed Sigmund
  1949 | D:2      | Killed from afar by Sigmund

Illustrated notes

Levels and vault maps discovered:
D:1:      dpeg_arrival_shrine, layout_loops_corners,
          ebering_ecumenical_altar_petrified
D:2:      layout_loops_ring, chequers_mini_garden, uniq_sigmund

Skill      XL: |  1  2 |
---------------+-------+-----
Translocations | 1 |  1.2
Dodging        | 2 |  2.0
Earth Magic    | 1 |  1.2
Fighting       | |  0.7
Stealth        | |  1.9
Spellcasting   | |  3.2
Conjurations   | |  1.8
Summonings     | |  1.4

Action                   || total
-------------------------++-------
Melee: Dagger            ||    29
       Punch             ||     1
       Whip              ||     3
 Cast: Magic Dart        ||    32
       Sandblast         ||    36
       Call Imp          ||     1
  Use: Scroll            ||     1
Armor: Robe              ||     8
Dodge: Dodged            ||    38

Table legend: (Time is in decaauts)
 A = Elapsed time spent in this place.
 B = Non-inter-level travel time spent in this place.
 C = Inter-level travel time spent in this place.
 D = Time resting spent in this place.
 E = Time spent auto-exploring this place.
 F = Levels seen in this place.
 G = Mean time per level.
                   A        B        C        D        E       F      G
               +--------+--------+--------+--------+--------+-----+--------+
         Total |   1967 |   1898 |     69 |    120 |   1459 |   2 |  983.5 |
       Dungeon |   1967 |   1898 |     69 |    120 |   1459 |   2 |  983.5 |
               +--------+--------+--------+--------+--------+-----+--------+

Top non-repeatable levels by time:
     D:1: 1352 daAuts
     D:2: 614 daAuts
